Map: Whitewater Line LE

Players

nerror - Winner!

  • Race: Terran Terran
  • Spawn Location: 12:00

Jokebook - Winner!

  • Race: Protoss Protoss
  • Spawn Location: 1:00

Drykus - Winner!

  • Race: Terran Terran
  • League: Gold
  • Spawn Location: 1:00

Throwfordays

  • Race: Zerg Zerg
  • League: Silver
  • Spawn Location: 7:00

Faust

  • Race: Zerg Zerg
  • League: Diamond
  • Spawn Location: 6:00

Cthulhu

  • Race: Zerg Zerg
  • Spawn Location: 7:00

VOD

Have the link to the VOD?

Description

Time

  • Played on: March 23, 2019, 11:02 p.m.
  • Length: 15:56
Show
View Real Time Build Order
Export as new Build Order

nerror Terran - Winner!

Build Orders: Mech 

Get SALT Encoding   

  12  0:01  SCV  
  13  0:13  SCV  
  14  0:18  Supply Depot  
  14  0:25  SCV  
  15  0:40  SCV  
  16  0:51  Barracks  
  16  0:52  SCV  
  16  0:54  Refinery  
  16  0:56  Refinery  
  17  1:04  SCV  
  18  1:16  SCV  
  19  1:28  SCV  
  20  1:38  Marine  
  21  1:40  SCV  
  21  1:42  Factory  
  22  1:49  Supply Depot  
  22  1:52  SCV  
  23  2:05  Orbital Command  
  23  2:13  Barracks Tech Lab  
  23  2:27  Widow Mine  
  25  2:32  Supply Depot  
  25  2:33  SCV  
  26  2:37  Supply Depot  
  26  2:47  SCV  
  27  2:57  Siege Tank  
  30  3:00  SCV  
  31  3:11  Command Center  
  29  3:19  SCV  
  30  3:31  SCV  
  31  3:41  Supply Depot  
  31  3:43  SCV  
  31  3:47  Siege Tank  
  35  4:02  SCV  
  36  4:09  Barracks Tech Lab  
  36  4:10  Factory  
  36  4:14  SCV  
  37  4:19  Siege Tank  
  40  4:31  SCV  
  41  4:43  SCV x2  
  43  4:54  Siege Tank  
  43  4:58  SCV  
  43  4:59  SCV  
  48  5:02  Refinery x2  
  48  5:10  Engineering Bay  
  48  5:11  SCV  
  49  5:24  SCV  
  50  5:29  SCV  
  51  5:51  Missile Turret  
  51  5:53  Missile Turret  
  51  6:08  Siege Tank x2  
  58  6:12  Supply Depot  
  58  6:13  Supply Depot  
  58  6:15  SCV  
  59  6:19  Orbital Command  
  58  6:26  Missile Turret  
  57  6:42  Siege Tank x2  
  57  6:43  SCV  
  57  6:45  Armory  
  57  6:46  Armory  
  64  6:48  Command Center  
  64  6:50  Supply Depot  
  64  7:00  SCV  
  65  7:05  SCV  
  66  7:12  SCV  
  66  7:14  Siege Tank  
  70  7:17  Hi-Sec Auto Tracking  
  70  7:21  Siege Tank  
  73  7:35  Mag-Field Accelerator  
  73  7:36  SCV  
  74  7:38  Terran Vehicle Weapons Level 1, Terran Vehicle And Ship Armor Level 1  
  71  7:46  Cyclone  
  71  7:49  Factory  
  74  7:53  Cyclone  
  74  7:55  SCV  
  78  8:16  SCV x2  
  78  8:18  Cyclone  
  83  8:25  Cyclone  
  87  8:30  Orbital Command  
  86  8:38  Factory Tech Lab  
  86  8:42  Factory  
  86  8:43  Supply Depot, Factory  
  86  8:44  Supply Depot  
  86  8:45  Neosteel Armor  
  86  8:46  SCV  
  87  8:50  Cyclone  
  90  8:57  Cyclone  
  90  9:00  Refinery  
  90  9:01  Refinery  
  91  9:05  Siege Tank  
  91  9:06  SCV  
  95  9:10  SCV  
  95  9:13  SCV  
  97  9:19  SCV  
  97  9:22  Cyclone  
  97  9:23  SCV  
  102  9:27  Factory Reactor, Factory Tech Lab  
  102  9:29  Hellion  
  102  9:30  SCV  
  102  9:31  SCV  
  106  9:37  Widow Mine  
  108  9:39  SCV  
  109  9:49  Command Center  
  109  9:52  Siege Tank  
  112  9:53  Cyclone  
  112  9:54  Cyclone  
  112  9:56  Drilling Claws  
  112  9:58  Cyclone  
  121  10:02  Infernal Pre-Igniter  
  121  10:25  Terran Vehicle Weapons Level 2, Widow Mine x2  
  125  10:36  Terran Vehicle And Ship Armor Level 2  
  125  10:42  Hellion x2  
  129  10:45  Supply Depot  
  129  10:46  Hellion x2  
  129  10:48  Supply Depot  
  129  10:49  Supply Depot  
  130  11:03  Cyclone x2  
  136  11:07  Cyclone x2  
  142  11:14  Widow Mine  
  142  11:15  Widow Mine  
  146  11:20  SCV x2  
  146  11:22  Orbital Command  
  148  11:35  Cyclone x2  
  148  11:36  Widow Mine, Hellion  
  148  11:38  Factory x2  
  160  11:40  Hellion  
  160  11:41  SCV x2, Factory  
  160  11:44  Factory  
  156  11:56  SCV  
  156  11:58  Refinery  
  156  12:01  Refinery  
  157  12:53  SCV x2  
  157  12:56  Terran Vehicle And Ship Armor Level 3, Terran Vehicle Weapons Level 3  
  159  13:05  Factory Tech Lab x2  
  159  13:07  Factory Reactor  
  159  13:08  Factory Tech Lab  
  155  13:14  Missile Turret  
  155  13:15  Missile Turret x3  
  155  13:17  Missile Turret x2  
  149  13:20  SCV x4  
  149  13:30  Missile Turret  
  149  13:32  SCV x2  
  150  13:35  Cyclone x4  
  159  13:53  Widow Mine, Cyclone x2  
  159  13:54  Widow Mine x2  
  171  14:12  SCV x2  
  171  14:14  SCV  
  174  14:19  SCV  
  174  14:23  Missile Turret x2  
  172  14:24  SCV, Missile Turret  
  172  14:25  Missile Turret  
  172  14:26  SCV x2, Missile Turret x2  
  172  14:29  Siege Tank  
  172  14:30  Widow Mine x2, Cyclone x2  
  179  14:31  SCV  
  179  14:33  Supply Depot x2, Widow Mine  
  175  14:40  SCV  
  176  14:48  Thor, Hellion x3  
  176  14:49  Thor  
  176  14:51  Orbital Command  
  176  14:52  Widow Mine x2  
  194  15:01  Thor  
  183  15:11  SCV  
  183  15:12  SCV  
  185  15:24  SCV x4  
  189  15:30  Widow Mine  
Show
View Real Time Build Order
Export as new Build Order

Jokebook Protoss - Winner!

Build Orders:  

Get SALT Encoding   

  12  0:01  Probe  
  13  0:13  Probe  
  14  0:18  Pylon  
  14  0:27  Probe  
  15  0:39  Gateway, Probe  
  16  0:50  Assimilator  
  16  0:51  Probe  
  17  1:03  Probe  
  18  1:16  Probe  
  19  1:28  Probe  
  19  1:29  Cybernetics Core  
  20  1:37  Pylon, Gateway  
  20  1:40  Probe  
  21  1:52  Probe  
  22  1:55  Warp Gate  
  22  1:58  Zealot  
  24  2:04  Pylon  
  23  2:24  Probe  
  23  2:27  Assimilator  
  26  2:30  Zealot, Stalker  
  28  2:41  Pylon  
  28  2:52  Probe  
  29  2:59  Robotics Facility, Stalker  
  29  3:00  Zealot  
  33  3:19  Pylon  
  33  3:27  Zealot  
  33  3:32  Stalker  
  33  3:33  Probe  
  38  3:36  Immortal  
  42  3:52  Probe  
  45  4:03  Immortal  
  47  4:17  Stalker, Zealot  
  47  4:20  Probe  
  52  4:36  Observer  
  53  4:46  Pylon  
  53  4:54  Probe  
  54  5:04  Immortal  
  58  5:13  Nexus  
  58  5:15  Pylon  
  58  5:23  Probe  
  59  5:43  Immortal  
  48  6:24  Probe x2  
  46  6:34  Stalker  
  46  6:35  Zealot  
  46  6:36  Probe  
  46  6:37  Probe  
  44  6:43  Shield Battery  
  44  6:45  Shield Battery  
  44  6:54  Gateway  
  44  6:59  Gateway  
  44  7:01  Forge  
  44  7:02  Stalker x2  
  44  7:06  Pylon  
  48  7:11  Probe x2  
  48  7:14  Pylon  
  50  7:20  Immortal  
  54  7:23  Probe x2  
  56  7:50  Zealot  
  56  7:51  Zealot  
  60  7:53  Protoss Ground Weapons Level 1, Stalker  
  60  7:55  Stalker  
  60  8:10  Assimilator  
  60  8:12  Assimilator  
  60  8:13  Photon Cannon  
  60  8:15  Probe x2  
  60  8:17  Photon Cannon  
  62  8:26  Observer  
  63  8:29  Probe x2  
  65  8:41  Probe x2  
  67  8:48  Observer  
  68  8:56  Robotics Bay  
  64  9:05  Probe x2  
  64  9:09  Nexus, Immortal  
  70  9:12  Pylon  
  70  9:15  Pylon  
  70  9:17  Probe x2  
  72  9:26  Pylon, Robotics Facility  
  72  9:29  Probe x2  
  70  10:02  Probe x2  
  70  10:03  Stalker x4  
  80  10:18  Colossus x2  
  80  10:19  Protoss Ground Armor Level 1  
  80  10:20  Extended Thermal Lance  
  92  10:22  Probe x2  
  90  10:42  Twilight Council  
  90  10:43  Probe x2  
  90  10:46  Probe  
  93  10:51  Shield Battery  
  93  10:54  Pylon  
  93  10:55  Probe x2  
  93  10:56  Stalker  
  97  10:57  Stalker  
  97  10:58  Stalker  
  101  11:07  Probe x2  
  101  11:09  Probe  
  104  11:19  Probe  
  105  11:25  Shield Battery  
  105  11:27  Shield Battery  
  105  11:31  Shield Battery  
  105  11:35  Zealot x4  
  113  11:45  Probe x3  
  116  11:48  Assimilator  
  116  11:50  Assimilator  
  116  11:51  Blink  
  116  11:53  Photon Cannon  
  116  11:54  Photon Cannon  
  116  11:55  Photon Cannon  
  116  11:57  Probe x3  
  119  12:08  Stalker x4  
  121  12:10  Protoss Ground Weapons Level 2  
  127  12:21  Colossus x2  
  139  12:42  Gateway  
  139  12:43  Gateway  
  139  12:45  Gateway  
  139  12:56  Stalker  
  139  12:57  Stalker x3  
  147  13:04  Colossus  
  147  13:05  Colossus  
  133  13:32  Stalker x4  
  141  13:38  Shield Battery  
  141  13:40  Photon Cannon  
  137  13:58  Colossus x2  
  131  14:08  Stalker x6  
  131  14:09  Stalker  
  135  14:18  Shield Battery  
  135  14:20  Photon Cannon  
  135  14:32  Nexus  
  135  14:33  Pylon  
  135  14:37  Pylon  
  135  14:40  Pylon, Stalker x5  
  135  14:42  Pylon, Stalker  
  147  14:46  Stalker  
  160  15:25  Shield Battery  
  160  15:26  Photon Cannon  
Show
View Real Time Build Order
Export as new Build Order

Drykus Terran - Winner!

Build Orders:  

Get SALT Encoding   

  12  0:02  SCV  
  14  0:14  SCV  
  14  0:21  Supply Depot  
  14  0:26  SCV  
  15  0:39  Refinery  
  15  0:44  Barracks  
  15  0:53  SCV  
  16  1:05  SCV  
  17  1:17  SCV  
  18  1:21  Refinery  
  18  1:29  SCV  
  19  1:41  Barracks  
  19  1:47  Engineering Bay  
  19  1:54  Marine  
  20  2:00  Orbital Command  
  20  2:11  Marine  
  21  2:20  Factory  
  21  2:29  Marine  
  22  2:48  Marine  
  23  2:56  Terran Infantry Weapons Level 1  
  23  3:19  Factory Reactor  
  23  3:36  Marine x2  
  25  3:53  Marine x2  
  27  4:06  Hellion x2  
  31  4:15  Supply Depot  
  31  4:18  Supply Depot  
  31  4:37  SCV, Hellion x2  
  37  4:45  Barracks Reactor  
  36  4:51  Terran Infantry Armor Level 1  
  36  4:54  Barracks Tech Lab  
  36  5:00  SCV  
  37  5:12  SCV  
  38  5:22  Engineering Bay  
  38  5:24  SCV  
  39  5:31  Armory  
  39  5:32  Starport  
  39  5:35  Barracks  
  39  6:07  Factory Reactor  
  33  6:17  Marine  
  33  6:18  Marine x2  
  28  6:28  Starport Reactor  
  28  6:30  Barracks Tech Lab  
  28  6:32  Terran Ship Weapons Level 1  
  26  6:33  Terran Infantry Weapons Level 2  
  26  6:35  Marine x2  
  26  6:36  Marine  
  29  6:53  Marine x2  
  33  6:54  Marauder  
  33  7:11  Marine  
  36  7:15  Marauder  
  36  7:23  Marauder, Command Center  
  36  7:27  Refinery  
  36  7:29  Refinery, Supply Depot  
  38  7:33  Supply Depot  
  40  7:37  Marauder  
  40  7:39  Terran Infantry Armor Level 2  
  39  7:45  Marauder  
  41  7:52  Marine x2  
  41  7:56  Hellbat  
  47  7:58  Marauder  
  45  8:06  Marauder  
  45  8:09  Marine  
  45  8:10  Marine  
  49  8:19  Marauder  
  48  8:26  Hellbat  
  50  8:27  Marine x2, SCV, Marauder  
  55  8:35  Medivac  
  55  8:39  SCV  
  55  8:41  Marauder  
  60  8:45  Marine x2  
  62  8:48  Marine  
  63  9:02  Marine  
  63  9:04  Stimpack  
  63  9:16  Viking x2  
  67  9:23  Missile Turret  
  67  9:37  Marine x4  
  71  10:06  Liberator  
  70  10:09  Marine x3  
  54  11:07  Marine  
  54  11:08  Marine x3  
  54  11:10  Liberator x2  
  62  11:25  Marine x2  
  64  11:37  SCV x2  
  66  11:49  SCV x2  
  68  12:01  SCV  
  68  12:02  SCV  
  70  12:13  SCV  
  70  12:14  SCV  
  71  12:15  Marine x2  
  71  12:16  Marine x2  
  75  12:26  SCV x2  
  51  12:38  Marine x4  
  51  12:44  Hellion x2  
  59  12:45  SCV x2  
  61  12:56  Marine x4  
  57  13:14  Marine  
  49  13:31  Command Center  
  35  13:53  SCV x2  
  37  14:05  SCV x2  
  40  14:17  SCV  
  40  14:30  Missile Turret  
  19  14:55  Marine x4  
  19  14:57  SCV  
  24  15:05  SCV  
  25  15:11  Concussive Shells  
  25  15:13  Marine x4  
  29  15:22  Orbital Command  
  29  15:30  Marine  
  29  15:32  Missile Turret  
Show
View Real Time Build Order
Export as new Build Order

Throwfordays Zerg 

Build Orders: Hatch First 

Get SALT Encoding   

  12  0:08  Drone x2  
  14  0:42  Hatchery  
  13  0:43  Drone  
  14  0:56  Spawning Pool  
  13  0:59  Drone  
  14  1:08  Overlord  
  14  1:15  Extractor, Drone  
  14  1:29  Extractor, Drone  
  14  1:30  Drone  
  15  1:44  Queen  
  17  1:48  Drone x2  
  19  1:54  Drone  
  19  1:59  Queen  
  22  2:08  Drone x2  
  22  2:14  Drone  
  25  2:19  Drone  
  26  2:27  Drone x2  
  28  2:35  Overlord  
  28  2:42  Overlord  
  28  2:51  Overlord x2  
  28  2:57  Drone x2  
  30  3:01  Drone x2  
  32  3:07  Drone x2  
  34  3:13  Drone x2  
  34  3:14  Drone  
  37  3:21  Roach Warren  
  37  3:25  Baneling Nest  
  35  3:32  Zergling x4  
  35  3:33  Zergling x6  
  40  3:37  Drone x2  
  40  3:40  Drone  
  43  3:48  Drone x2  
  43  3:49  Drone  
  43  3:52  Extractor  
  45  3:55  Extractor  
  45  3:56  Drone  
  45  4:02  Metabolic Boost  
  45  4:05  Drone x3  
  45  4:09  Lair  
  52  4:17  Roach x3  
  52  4:23  Drone x2  
  56  4:26  Drone x2  
  58  4:34  Evolution Chamber x2  
  58  4:36  Evolution Chamber  
  55  4:41  Roach x2  
  59  4:48  Overlord  
  59  4:49  Overlord x3  
  59  4:56  Drone  
  59  4:58  Overlord x2  
  60  5:06  Queen  
  62  5:08  Zerg Missile Weapons Level 1  
  62  5:11  Zerg Ground Armor Level 1  
  62  5:14  Zerg Melee Weapons Level 1  
  62  5:24  Drone  
  62  5:27  Drone x2  
  65  5:37  Drone  
  65  5:39  Roach  
  65  5:40  Roach  
  70  5:45  Roach x4  
  70  5:46  Roach  
  80  5:51  Baneling x2  
  80  5:52  Baneling x7  
  80  5:53  Baneling  
  53  6:34  Roach x5  
  53  6:38  Roach x2  
  53  6:39  Roach x2  
  71  6:42  Glial Reconstitution  
  71  6:49  Drone  
  71  6:52  Centrifical Hooks  
  72  7:12  Zerg Melee Weapons Level 2, Zerg Missile Weapons Level 2  
  50  7:56  Burrow  
  50  7:57  Extractor, Zerg Ground Armor Level 2  
  49  8:01  Extractor, Tunneling Claws  
  48  8:10  Hatchery  
  47  8:20  Zergling x10  
  47  8:21  Zergling x2  
  47  8:23  Zergling x2  
  47  8:24  Zergling x8  
  58  8:32  Zergling x2  
  58  8:33  Zergling x2  
  60  8:34  Zergling x2  
  60  8:38  Zergling x8  
  65  8:58  Baneling x4  
  65  8:59  Baneling x8  
  65  9:00  Baneling x7  
  65  9:01  Baneling x3  
  65  9:07  Roach x5  
  75  9:12  Roach x4  
  75  9:13  Roach x2  
  87  9:18  Drone  
  87  9:24  Drone  
  89  9:25  Queen  
  91  9:40  Ravager x6  
  97  9:48  Ravager  
  98  10:14  Drone x3  
  97  10:38  Spire  
  97  10:42  Spire  
  89  11:49  Infestation Pit  
  88  11:55  Zerg Flyer Weapons Level 1, Zerg Flyer Armor Level 1  
  88  11:57  Mutalisk x2  
  88  11:58  Mutalisk x5  
  90  12:35  Mutalisk  
  90  12:36  Mutalisk x3  
  98  13:19  Hatchery  
  72  14:51  Drone  
  72  14:52  Drone  
  74  15:03  Overseer  
  74  15:12  Spore Crawler  
  73  15:17  Spine Crawler  
  73  15:18  Drone  
  73  15:19  Drone  
Show
View Real Time Build Order
Export as new Build Order

Faust Zerg 

Build Orders: Pool First 

Get SALT Encoding   

  12  0:01  Drone  
  13  0:08  Drone  
  14  0:14  Extractor  
  14  0:15  Drone  
  15  0:23  Overlord  
  15  0:38  Extractor  
  14  0:43  Spawning Pool  
  14  0:45  Drone  
  14  0:51  Drone  
  14  0:53  Drone  
  14  0:56  Drone  
  17  1:08  Drone  
  18  1:30  Queen  
  18  1:31  Zergling x4  
  22  1:43  Metabolic Boost  
  22  1:51  Overlord  
  22  2:01  Hatchery  
  22  2:05  Drone  
  22  2:10  Drone  
  23  2:16  Drone  
  24  2:26  Baneling Nest  
  23  2:30  Drone  
  23  2:35  Drone  
  25  2:46  Drone x2  
  25  2:47  Drone  
  28  3:18  Drone  
  28  3:19  Drone x3  
  32  3:21  Queen  
  34  3:27  Drone  
  34  3:31  Lair  
  33  3:36  Extractor, Drone x2  
  34  3:42  Drone  
  35  3:50  Drone  
  35  3:52  Overlord  
  36  3:58  Hatchery  
  35  4:03  Overlord  
  35  4:06  Drone  
  36  4:10  Drone  
  36  4:11  Drone  
  36  4:12  Drone x2  
  40  4:19  Drone  
  40  4:22  Drone  
  42  4:30  Drone  
  43  4:34  Drone x5  
  43  4:35  Drone  
  43  4:36  Drone  
  50  4:41  Spore Crawler  
  50  4:44  Drone  
  50  4:47  Overlord  
  50  5:00  Drone x2  
  52  5:09  Drone x2  
  52  5:13  Extractor x2  
  53  5:14  Drone x4  
  53  5:15  Queen, Drone  
  59  5:24  Overlord x2  
  59  5:25  Overlord  
  59  5:30  Centrifical Hooks, Hydralisk Den  
  59  5:35  Evolution Chamber  
  57  5:36  Drone x4, Evolution Chamber  
  57  5:39  Infestation Pit  
  57  5:40  Drone x4  
  63  5:43  Extractor  
  63  5:44  Extractor, Drone x2  
  63  5:53  Zergling x4  
  65  6:00  Zergling x4  
  66  6:07  Spine Crawler  
  66  6:08  Zergling x4  
  66  6:09  Zergling x6, Spine Crawler  
  69  6:13  Zergling x2  
  69  6:16  Baneling x4  
  70  6:21  Zerg Melee Weapons Level 1, Zerg Ground Armor Level 1  
  70  6:23  Hive  
  70  6:24  Zergling x2  
  70  6:25  Zergling x8  
  75  6:36  Drone x4  
  75  6:37  Drone x2  
  80  6:43  Drone  
  80  6:44  Drone, Overlord x3  
  82  6:49  Overseer  
  82  6:50  Pneumatized Carapace  
  82  6:52  Burrow  
  76  7:05  Spore Crawler, Spine Crawler  
  74  7:25  Muscular Augments  
  74  7:30  Spine Crawler  
  73  7:37  Hatchery  
  73  7:42  Zergling x2  
  73  7:43  Zergling x32  
  83  8:19  Zergling x4  
  83  8:20  Zergling x20  
  83  8:21  Zerg Melee Weapons Level 2  
  83  8:22  Zerg Ground Armor Level 2  
  89  8:27  Drone x4  
  89  8:28  Drone  
  94  8:39  Ultralisk Cavern  
  93  9:02  Zergling x10  
  76  9:03  Zergling x8  
  79  9:12  Drone x3  
  82  9:18  Drone x3  
  85  9:28  Adrenal Glands  
  85  9:29  Chitinous Plating  
  85  9:39  Spore Crawler  
  85  9:40  Spore Crawler  
  85  9:42  Zergling x20, Spore Crawler  
  90  9:50  Zergling x2  
  83  10:02  Extractor  
  79  10:13  Ultralisk x3  
  79  10:14  Ultralisk  
  103  10:15  Overlord x3  
  89  10:36  Ultralisk  
  89  10:37  Zergling x12  
  89  10:42  Drone x2  
  103  10:48  Anabolic Synthesis  
  99  10:51  Spore Crawler  
  99  10:52  Zerg Melee Weapons Level 3  
  98  11:08  Zergling x18  
  107  11:20  Zerg Ground Armor Level 3  
  107  11:52  Zergling x2  
  107  11:53  Zergling x20  
  118  12:00  Hatchery  
  114  12:36  Zergling x2  
  114  12:37  Zergling x20  
  114  12:44  Baneling x5  
  120  12:45  Baneling x4  
  120  12:46  Baneling  
  120  12:50  Zergling x6  
  123  12:53  Overlord x3  
  42  13:21  Zergling x4  
  42  13:22  Zergling x14  
  51  13:35  Zergling x12  
  57  14:02  Zergling x10  
  55  14:03  Zergling x12  
  61  14:22  Zergling x12, Hatchery  
  66  14:26  Extractor  
  66  14:27  Extractor  
  66  14:30  Hatchery  
  61  14:31  Zergling x2  
  61  14:32  Zergling x4  
  62  14:42  Zergling x14  
  69  14:50  Queen  
  71  14:55  Drone x3  
  71  14:56  Drone  
  63  15:35  Zergling x16  
  46  15:36  Zergling x14  
Show
View Real Time Build Order
Export as new Build Order

Cthulhu Zerg 

Build Orders: Pool First 

Get SALT Encoding   

  12  0:01  Drone  
  13  0:10  Drone  
  14  0:14  Extractor  
  14  0:16  Drone  
  15  0:23  Overlord  
  15  0:42  Drone  
  16  0:43  Drone  
  16  0:49  Spawning Pool  
  16  0:52  Extractor  
  16  0:53  Drone  
  16  1:04  Drone  
  17  1:16  Drone  
  18  1:28  Drone x2  
  20  1:38  Queen  
  22  1:49  Overlord  
  22  1:59  Hatchery  
  21  2:03  Drone  
  21  2:05  Metabolic Boost  
  21  2:08  Zergling x2  
  23  2:12  Drone  
  24  2:20  Queen  
  26  2:30  Drone  
  27  2:38  Drone  
  28  2:56  Drone x2  
  28  2:57  Overlord  
  30  3:01  Extractor, Drone  
  30  3:11  Drone  
  30  3:12  Queen  
  33  3:13  Queen  
  33  3:14  Drone  
  36  3:30  Evolution Chamber  
  35  3:43  Roach Warren  
  35  3:48  Drone x5, Evolution Chamber  
  34  3:54  Drone x4  
  42  4:08  Lair  
  42  4:10  Burrow  
  42  4:16  Zerg Ground Armor Level 1  
  42  4:34  Drone  
  42  4:35  Drone  
  42  4:36  Overlord  
  42  4:37  Overlord  
  44  4:42  Zerg Melee Weapons Level 1  
  44  4:55  Extractor  
  44  4:56  Extractor, Overlord  
  44  4:57  Overlord x2  
  42  5:23  Drone x2  
  42  5:26  Overseer  
  44  5:30  Overseer  
  44  5:31  Pneumatized Carapace  
  44  5:46  Overseer  
  44  5:55  Spine Crawler x2  
  44  5:56  Spine Crawler  
  41  6:13  Queen  
  43  6:24  Zergling x2  
  43  6:25  Zergling x20  
  52  6:32  Queen  
  54  6:49  Queen  
  52  7:08  Queen  
  54  7:25  Queen  
  56  7:46  Infestation Pit  
  55  7:53  Queen  
  57  8:00  Queen  
  54  8:12  Zergling x2  
  53  8:13  Zergling x16  
  61  8:46  Zerg Melee Weapons Level 2, Zerg Ground Armor Level 2  
  61  8:50  Hive  
  61  8:53  Overlord x3  
  76  9:51  Drone x7  
  76  9:52  Drone  
  75  10:00  Spine Crawler x2  
  75  10:03  Spine Crawler x2  
  70  10:42  Spire  
  69  11:15  Drone x10  
  79  11:19  Queen  
  81  11:53  Mutalisk  
  81  11:54  Mutalisk x4  
  81  11:58  Overlord x3  
  81  11:59  Overlord  
  81  12:00  Overlord  
  87  12:58  Mutalisk x3  
  87  12:59  Mutalisk x18  
  87  13:00  Mutalisk  
  87  13:03  Overlord x3  
  113  13:48  Zergling x14  
  114  13:49  Zergling x4  
  114  14:17  Zergling x10  
  113  14:45  Infestor  
  113  14:46  Infestor x4  
  113  15:00  Zergling x4  
  113  15:01  Zergling x2  
  114  15:12  Queen  
  114  15:13  Queen  
Tags
 
Add a new tag
Caveats
  • Supply blocks, unpowered buildings, or Contaminate may cause inaccurate times.
  • Supply counts are checked every 10 seconds.